Map: White Rabbit LE

Players

max

  • Race: Protoss Protoss
  • League: Diamond
  • Spawn Location: 7:00

HoldTheDoor - Winner!

  • Race: Protoss Protoss
  • League: Diamond
  • Spawn Location: 1:00

VOD

Have the link to the VOD?

Description

Time

  • Played on: May 5, 2026, 12:27 p.m.
  • Length: 9:40
Show
View Real Time Build Order
Export as new Build Order

max Protoss 

Build Orders:  

Get SALT Encoding   

  12  0:01  Probe  
  13  0:13  Probe  
  14  0:18  Pylon  
  14  0:25  Probe  
  15  0:37  Forge  
  15  0:40  Probe  
  16  0:52  Probe  
  17  0:58  Pylon  
  17  1:04  Probe  
  17  1:16  Probe  
  17  1:17  Photon Cannon  
  18  1:20  Pylon  
  18  1:28  Probe  
  19  1:40  Probe  
  20  1:53  Probe  
  20  2:05  Probe  
  21  2:13  Nexus  
  21  2:19  Gateway  
  21  2:24  Photon Cannon  
  21  2:33  Photon Cannon  
  21  2:37  Probe  
  22  2:43  Assimilator  
  22  2:50  Assimilator  
  22  3:03  Probe  
  23  3:12  Cybernetics Core, Zealot  
  25  3:15  Probe  
  26  3:23  Pylon  
  26  3:28  Probe  
  27  3:35  Warp Gate  
  27  3:37  Zealot  
  27  3:40  Probe x2  
  30  3:51  Pylon  
  30  3:52  Probe x2  
  32  3:56  Stalker  
  32  3:58  Shield Battery  
  32  4:07  Probe  
  35  4:14  Probe  
  36  4:18  Robotics Facility  
  36  4:20  Pylon  
  36  4:21  Probe  
  36  4:23  Stalker  
  39  4:45  Probe, Protoss Ground Weapons Level 1  
  40  4:52  Gateway  
  40  4:55  Gateway  
  40  4:56  Probe, Stalker  
  43  5:04  Probe  
  44  5:08  Probe  
  44  5:13  Immortal  
  45  5:18  Gateway  
  49  5:31  Probe x2  
  51  5:39  Zealot  
  53  5:47  Immortal  
  53  5:52  Zealot x2  
  53  5:54  Probe  
  62  5:59  Pylon  
  62  6:12  Pylon  
  62  6:14  Assimilator  
  62  6:16  Assimilator  
  62  6:17  Probe x2  
  64  6:29  Probe x2  
  64  6:31  Zealot x3  
  72  6:34  Nexus  
  72  6:38  Zealot  
  59  7:01  Stalker x4  
  65  7:10  Protoss Ground Armor Level 1, Probe x2  
  67  7:21  Pylon  
  67  7:28  Pylon  
  67  7:32  Twilight Council  
  67  7:33  Observer  
  67  7:34  Gateway  
  67  7:39  Probe x2  
  70  7:49  Pylon  
  70  7:51  Stalker x2, Probe x2  
  72  7:52  Stalker  
  72  7:56  Probe  
  79  8:01  Shield Battery  
  79  8:03  Probe x2  
  81  8:08  Probe  
  82  8:15  Templar Archives  
  82  8:16  Probe x2  
  84  8:20  Probe  
  84  8:22  Stalker  
  84  8:26  Observer  
  88  8:28  Probe x2  
  88  8:32  Probe  
  91  8:40  Probe x2  
  93  8:43  Forge  
  93  8:47  Probe  
  93  8:50  Pylon  
  93  8:52  Pylon, Probe  
  77  9:12  Zealot x2  
  77  9:13  Zealot  
Show
View Real Time Build Order
Export as new Build Order

HoldTheDoor Protoss - Winner!

Build Orders:  

Get SALT Encoding   

  12  0:00  Probe  
  13  0:12  Probe  
  14  0:17  Pylon  
  14  0:24  Probe  
  15  0:32  Probe  
  15  0:39  Gateway  
  15  0:40  Probe  
  17  0:52  Assimilator  
  17  1:05  Forge  
  17  1:19  Probe  
  18  1:26  Zealot  
  20  1:34  Pylon  
  20  1:36  Probe  
  21  1:48  Probe  
  22  1:56  Photon Cannon  
  22  2:15  Photon Cannon  
  22  2:19  Cybernetics Core  
  22  2:24  Photon Cannon  
  22  2:27  Photon Cannon  
  22  2:37  Assimilator  
  22  2:39  Pylon  
  22  2:52  Stalker  
  24  3:13  Probe  
  25  3:38  Pylon  
  25  3:39  Probe  
  26  3:41  Warp Gate  
  26  3:50  Gateway  
  26  3:51  Gateway, Probe  
  26  3:52  Gateway  
  27  3:58  Stalker  
  27  4:02  Pylon  
  29  4:08  Nexus  
  29  4:23  Robotics Facility  
  29  4:32  Stalker  
  29  4:52  Stalker  
  29  5:01  Shield Battery, Pylon, Immortal  
  29  5:10  Pylon  
  33  5:16  Photon Cannon  
  33  5:19  Photon Cannon  
  33  5:21  Probe x2  
  35  5:33  Probe  
  35  5:35  Probe, Twilight Council  
  37  5:41  Zealot  
  39  5:43  Observer  
  39  5:45  Probe  
  39  5:48  Zealot  
  43  5:51  Zealot  
  45  5:59  Zealot, Probe  
  48  6:13  Zealot  
  48  6:15  Zealot x2  
  54  6:25  Shield Battery  
  54  6:26  Pylon  
  54  6:33  Sentry  
  54  6:36  Zealot x2  
  58  7:01  Charge  
  58  7:04  Immortal  
  58  7:07  Stalker  
  58  7:08  Stalker x3  
  70  7:31  Zealot  
  70  7:35  Sentry  
  74  7:39  Warp Prism  
  76  7:44  Probe  
  76  7:46  Probe, Assimilator  
  78  8:03  Pylon  
  78  8:21  Probe x2  
  80  8:29  Pylon  
  80  8:30  Pylon  
  80  8:32  Pylon, Zealot x2  
  80  8:33  Zealot  
  86  8:47  Probe x2  
  88  8:55  Zealot x4  
  96  8:59  Probe  
  79  9:19  Zealot x3  
  79  9:20  Zealot  
Tags
 
Matchup
PvP
Replay Pack
SC2Mai2026
Spawn Locations
Cross Positions
Add a new tag
Caveats
  • Supply blocks, unpowered buildings, or Contaminate may cause inaccurate times.
  • Supply counts are checked every 10 seconds.